 Dungeon Crawl Stone Soup version 0.31-a0-924-ge39a22a033 (webtiles) character file.

Game seed: 11507535559772450621

19623 BinkBink the Grappler (level 12, -5/128 HPs)
             Began as a Troll Berserker on Oct 18, 2023.
             Was a High Priest of Trog.
             Slain by a raiju (9 damage)
             ... on level 2 of the Abyss.
             The game lasted 00:25:21 (13386 turns).

BinkBink the Grappler (Troll Berserker)            Turns: 13386, Time: 00:25:22

Health: -5/128     AC:  7    Str: 38    XL:     12   Next: 38%
Magic:  11/11      EV: 11    Int:  3    God:    Trog [*****.]
Gold:   773        SH:  0    Dex:  9    Spells: 11/11 levels left

rFire   + .          .
                       - Unarmed
rCold   . . .        d - orb {*Rage}
rNeg    + . .        y - +2 robe {rF+}
rPois   +            (helmet restricted)
rElec   .            q - +0 cloak "Biymid" {+Inv rPois Slay+5}
rCorr   .            (gloves unavailable)
SInv    .            (boots unavailable)
Will    .....        (no amulet)
Stlth   +            t - ring of positive energy
HPRegen 0.00/turn    l - +6 ring of strength
MPRegen 0.12/turn

%: random rage (20%)
@: about to teleport, sick
A: large, unfitting armour, claws 3, regeneration 1, shaggy fur 1, tough skin 1
a: Renounce Religion, Evoke Invisibility, Berserk, Trog's Hand, Brothers in Arms


You were on level 2 of the Abyss.
You worshipped Trog.
Trog was extremely pleased with you.
You visited 2 branches of the dungeon, and saw 14 of its levels.
You visited the Abyss 1 time.

You collected 943 gold pieces.
You spent 170 gold pieces at shops.

Inventory:

Missiles
 E - 2 throwing nets
Armour
 d - an orb of wrath (worn)
 q - the +0 cloak "Biymid" (worn) {+Inv rPois Slay+5}
   (You found it on level 4 of the Dungeon)

   Slay+5:    It affects your accuracy & damage with ranged weapons and melee
   (+5).
   rPois:     It protects you from poison +Inv: It lets you turn invisible.
 y - a +2 robe of fire resistance (worn)
Jewellery
 b - a ring of magical power
 l - a +6 ring of strength (right claw)
 s - an amulet of faith
 t - a ring of positive energy (left claw)
 x - a ring of positive energy
 D - a +4 ring of protection
Talismans
 g - a maw talisman
 B - a blade talisman
Wands
 j - a wand of polymorph (8)
 k - a wand of charming (10)
 p - a wand of digging (4)
 z - a wand of flame (23)
 F - a wand of acid (7)
Scrolls
 h - 3 scrolls of enchant weapon
 i - a scroll of torment
 m - a scroll of noise
 n - a scroll of fear
 r - 2 scrolls of blinking
 v - 3 scrolls of teleportation
 w - a scroll of poison
Potions
 a - 2 potions of cancellation
 c - 7 potions of curing
 e - 2 potions of attraction
 f - 5 potions of heal wounds
 o - 2 potions of mutation {unknown}
 u - a potion of haste
 G - a potion of enlightenment {unknown}


   Skills:
 * Level 10.6 Fighting
 + Level 7.4 Dodging
 * Level 12.5 Unarmed Combat
 + Level 7.4 Shapeshifting


You had 11 spell levels left.
You didn't know any spells.
Your spell library was empty.

Dungeon Overview and Level Annotations

Branches:
Dungeon (12/15)            Temple (0/1) D:4            Lair (0/5) D:8
    Orc (2/2) D:9             Elf (0/3) Orc:2

Altars:
Trog

Shops:
D:8 [   D:11 !

Annotations:
D:3 2 transporters
Orc:1 3 runed translucent doors, Talonman3's ghost, journeyman BaIE
Orc:2 2 runed translucent doors, exclusion: orange crystal statue, Erolcha


Innate Abilities, Weirdness & Mutations

You are too large for most types of armour.
You have claws for hands.
Your natural rate of healing is unusually fast.
You are covered in fur. (AC +1)
You have tough skin. (AC +1)


Message History

The ynoxinul hits you.
You claw the ynoxinul!
You kill the ynoxinul!
Trog accepts your kill.
You recover from your berserk rage.
You start resting.
A glowing orange brain comes into view.
A raiju comes into view.
As you read the scroll of teleportation, it crumbles to dust.
You feel strangely unstable.
You feel the power of the Abyss delaying your translocation!
The glowing orange brain turns its attention towards you.
The raiju barks!
You hear a bark! x2
A raiju comes into view.
A raiju comes into view.
The raiju bursts into living lightning!
The living lightning hits you!
* * * LOW HITPOINT WARNING * * *
The raiju blinks! x2
The raiju bursts into living lightning!
The living lightning hits you!
* * * LOW HITPOINT WARNING * * *
The raiju blinks! x2
You feel much better. The raiju bites you! The raiju shocks you!
* * * LOW HITPOINT WARNING * * *
The raiju bites you.
* * * LOW HITPOINT WARNING * * *
The raiju shocks you!
* * * LOW HITPOINT WARNING * * *
You barely miss the raiju. You mangle the raiju!!
The raiju is severely wounded.
The raiju bites you.
* * * LOW HITPOINT WARNING * * *
The raiju shocks you!
* * * LOW HITPOINT WARNING * * *
The raiju bites you.
* * * LOW HITPOINT WARNING * * *
The raiju shocks you!
You die...

. .....
.....#..#
.............
# # ..
...........##
##. .
........†...
...#. . ...
.§...... . .##
.. .§....#.# .
...#.......
..G.
#.........#h##
. #
#......hh@# #.
......#### .
...... #.. ..
.... ### #...
..


You could see a glowing orange brain and 3 raiju.

Vanquished Creatures
  Jorgrun (Orc:2)
  A green death (Abyss:2)
  Harold (D:9)
  2 two-headed ogres
  A sixfirhy (Abyss:2)
  A worldbinder (Abyss:2)
  2 orc sorcerers
  A cyclops (D:9)
  3 smoke demons (Abyss:2)
  An orange demon (Abyss:2)
  Maggie (D:9)
  A gargoyle (D:10)
  3 unseen horrors
  Jeremiah (D:7)
  3 komodo dragons
  An ancient zyme (Abyss:2)
  A troll (D:10)
  A hellwing (Abyss:2)
  4 hornets
  A raiju (Abyss:2)
  A shadow (D:9)
  2 ynoxinuls (Abyss:2)
  13 yaks
  Eustachio (D:6)
  Grum (D:9)
  A neqoxec (Abyss:2)
  A steam dragon (D:8)
  Edmund (D:4)
  A warg (Orc:2)
  Menkaure (D:7)
  Duvessa (D:7)
  2 acid dragons
  3 black bears
  6 orc warriors
  2 ice beasts (D:7)
  A sky beast (D:4)
  An ogre (Orc:1)
  2 wolves (D:9)
  2 centaurs
  Blork the orc (D:4)
  4 bullfrogs
  4 kobold brigands
  A scorpion (D:5)
  21 wights
  Dowan (D:7)
  5 killer bees (D:9)
  A quasit (Abyss:2)
  3 jellies
  2 gnoll boudas
  12 orc priests
  4 hounds
  2 sleepcaps
  2 iguanas (D:5)
  Natasha (thrice) (D:3)
  14 orc wizards
  Terence (D:2)
  6 gnolls
  10 adders
  A shadow imp (D:6)
  2 white imps (D:7)
  A worm (D:3)
  2 dart slugs
  46 orcs
  4 bats
  10 endoplasms
  5 giant cockroaches
  8 goblins
  10 hobgoblins
  25 kobolds
  8 quokkas
  5 ball pythons
  5 frilled lizards
  2 rats
305 creatures vanquished.

Notes
Turn   | Place    | Note
-------+----------+-------------------------------------------
     0 | D:1      | BinkBink the Troll Berserker began the quest for the Orb.
     0 | D:1      | Reached XP level 1. HP: 22/22 MP: 0/0
    37 | D:1      | Reached XP level 2. HP: 29/29 MP: 1/1
   641 | D:1      | Reached XP level 3. HP: 36/36 MP: 2/2
   823 | D:2      | Noticed Terence
   973 | D:2      | Reached ** piety under Trog
  1118 | D:2      | Reached XP level 4. HP: 45/45 MP: 3/3
  1255 | D:2      | Killed Terence
  1256 | D:2      | Reached skill level 4 in Unarmed Combat
  1541 | D:3      | Noticed Natasha
  1551 | D:3      | Killed Natasha
  1577 | D:3      | Reached skill level 1 in Shapeshifting
  1577 | D:3      | Reached XP level 5. HP: 53/53 MP: 4/4
  1607 | D:3      | Found a transporter.
  1630 | D:3      | Found a transporter.
  1971 | D:3      | Noticed Natasha
  1977 | D:3      | Killed Natasha
  2015 | D:3      | Found a faded altar of an unknown god.
  2103 | D:3      | Noticed Natasha
  2203 | D:3      | Killed Natasha
  2570 | D:4      | Found a staircase to the Ecumenical Temple.
  2649 | D:4      | Reached XP level 6. HP: 62/62 MP: 5/5
  2651 | D:4      | Reached *** piety under Trog
  2799 | D:4      | Reached skill level 5 in Unarmed Combat
  2833 | D:4      | Noticed Edmund
  2862 | D:4      | Killed Edmund
  2863 | D:4      | Reached XP level 7. HP: 63/71 MP: 6/6
  2973 | D:4      | Identified the +0 cloak "Biymid" {+Inv rPois Slay+5}
  3118 | D:4      | Noticed Blork the orc
  3127 | D:4      | Killed Blork the orc
  3299 | D:5      | Entered Level 5 of the Dungeon
  3580 | D:5      | Reached skill level 5 in Fighting
  3603 | D:5      | Reached skill level 6 in Unarmed Combat
  3923 | D:5      | Reached XP level 8. HP: 80/80 MP: 7/7
  4142 | D:6      | Reached skill level 7 in Unarmed Combat
  4179 | D:6      | Reached XP level 9. HP: 56/89 MP: 8/8
  4506 | D:6      | Noticed Eustachio
  4511 | D:6      | Killed Eustachio
  4511 | D:6      | Reached **** piety under Trog
  4666 | D:7      | Noticed Menkaure
  4673 | D:7      | Killed Menkaure
  4674 | D:7      | Reached skill level 8 in Unarmed Combat
  4806 | D:7      | Identified the +4 ring mail of Vermicelli {Int+3}
  4832 | D:7      | Found a bloodstained altar of Trog.
  4946 | D:7      | Noticed Jeremiah
  4955 | D:7      | Reached skill level 5 in Dodging
  5061 | D:7      | Killed Jeremiah
  5852 | D:7      | Noticed Dowan
  5894 | D:7      | Killed Dowan
  6177 | D:7      | Noticed Duvessa
  6189 | D:7      | Killed Duvessa
  6517 | D:8      | Found Cath's Armour Shop.
  6528 | D:8      | Noticed a two-headed ogre
  6555 | D:8      | Killed a two-headed ogre
  6556 | D:8      | Reached skill level 9 in Unarmed Combat
  6556 | D:8      | Reached skill level 5 in Shapeshifting
  6556 | D:8      | Reached XP level 10. HP: 104/104 MP: 9/9
  7068 | D:8      | Found a staircase to the Lair.
  7274 | D:9      | Found a staircase to the Orcish Mines.
  7275 | D:9      | Noticed Harold
  7292 | D:9      | Killed Harold
  7292 | D:9      | Reached ***** piety under Trog
  7293 | D:9      | Reached skill level 10 in Unarmed Combat
  7659 | D:9      | Noticed Grum
  7676 | D:9      | Killed Grum
  8133 | D:9      | Received a gift from Trog
  8417 | D:9      | Noticed Maggie
  8436 | D:9      | Killed Maggie
  8437 | D:9      | Reached XP level 11. HP: 26/113 MP: 10/10
  9916 | D:10     | Entered Level 10 of the Dungeon
 10607 | D:10     | Reached skill level 11 in Unarmed Combat
 11040 | D:11     | Noticed a two-headed ogre
 11046 | D:11     | Killed a two-headed ogre
 11360 | D:11     | Found Nasad's Distillery.
 11365 | D:11     | Bought a potion of heal wounds for 85 gold pieces
 11365 | D:11     | Bought a potion of heal wounds for 85 gold pieces
 11541 | D:11     | Identified the +0 ring mail "Soytygau" {rElec}
 11807 | D:12     | Noticed a two-headed ogre
 11904 | Orc:1    | Entered Level 1 of the Orcish Mines
 11904 | Orc:1    | Noticed an orc knight
 11904 | Orc:1    | Noticed an orc knight
 11904 | Orc:1    | Noticed Talonman3's ghost (journeyman BaIE)
 11904 | Orc:1    | Found a runed translucent gate.
 11904 | Orc:1    | Found a runed translucent gate.
 11904 | Orc:1    | Found a runed translucent gate.
 11949 | Orc:1    | Noticed an orc warlord
 11950 | Orc:1    | Noticed an orc knight
 11966 | Orc:1    | Noticed an orc high priest
 12011 | Orc:1    | Identified the ring of Taqehuqe {rN+ Str+6 Int+5 Dex+4
                  | Stlth+}
 12016 | Orc:1    | Noticed an orc knight
 12125 | Orc:1    | Noticed an orc sorcerer
 12127 | Orc:1    | Paralysed by an orc sorcerer for 3 turns
 12133 | Orc:1    | Killed an orc sorcerer
 12450 | Orc:2    | Entered Level 2 of the Orcish Mines
 12450 | Orc:2    | Noticed Jorgrun
 12590 | Orc:2    | Noticed an orange crystal statue
 12590 | Orc:2    | Found a runed translucent door.
 12609 | Orc:2    | Found the +10 tower shield of Ignorance {rN+ Int-4}
 12775 | Orc:2    | Found a runed translucent door.
 12815 | Orc:2    | Noticed an orc sorcerer
 12819 | Orc:2    | Killed an orc sorcerer
 12845 | Orc:2    | Found a staircase to the Elven Halls.
 12851 | Orc:2    | Reached skill level 10 in Fighting
 13169 | Orc:2    | Killed Jorgrun
 13170 | Orc:2    | Reached skill level 12 in Unarmed Combat
 13170 | Orc:2    | Reached XP level 12. HP: 64/126 MP: 11/11
 13179 | Orc:2    | Noticed Erolcha
 13194 | Abyss:2  | Cast into level 2 of the Abyss (Erolcha)
 13321 | Abyss:2  | Noticed a green death
 13326 | Abyss:2  | Killed a green death
 13386 | Abyss:2  | HP: 4/128 [raiju (3)]
 13386 | Abyss:2  | Slain by a raiju

Illustrated notes

Levels and vault maps discovered:
D:1:      psy_arrival_whirlpool, layout_basic
D:2:      layout_basic, nicolae_the_louvre, uniq_terence,
          uniq_crazy_yiuf_cottage
D:3:      gammafunk_steamed_eel, layout_rooms, ebering_ecumenical_altar_rust,
          chequers_big_river, roderic_lattice_a, uniq_natasha
D:4:      minmay_evil_eye, layout_gridville, minmay_temple_entry_large_hall,
          uniq_edmund, uniq_blork_the_orc
D:5:      layout_gridville, nicolae_eternal_life, bh_walls_and_bars
D:6:      layout_rooms, uniq_eustachio
D:7:      layout_loops_corners, kennysheep_mini_moat,
          minmay_misc_feat_more_columns, kennysheep_generic_room_11,
          uniq_duvessa, uniq_menkaure, uniq_jeremiah
D:8:      layout_gridville, david_lair_shrubbed, serial_shops, shop
D:9:      layout_stronghold, minmay_orc_entry_temple_small, minivault_25,
          uniq_harold, uniq_maggie, uniq_grum
D:10:     layout_gridville
D:11:     layout_basic, serial_shops, shop
D:12:     cheibrodos_elevator_heist, layout_cave_pools
Orc:1:    layout_caves, biasface_ghost_orc_armoury
Orc:2:    st_orc_congregation, layout_diamond_mine,
          chequers_guarded_unrand_ignorance, uniq_erolcha, uniq_jorgrun
Abyss:2:  base:
D:15

Skill      XL: |  1  2  3  4  5  6  7  8  9 10 11 |
---------------+----------------------------------+-----
Fighting       | 3 4 5 6 7 8 10 | 10.6
Unarmed Combat | 4 5 6 7 9 10 12 | 12.5
Shapeshifting  | 1 2 3 5 6 7 |  7.4
Dodging        | 3 4 5 6 7 |  7.4

Action                     |  1- 3 |  4- 6 |  7- 9 | 10-12 || total
---------------------------+-------+-------+-------+-------++-------
  Melee: Unarmed           |    84 |   112 |   202 |   353 ||   751
    Use: Scroll            |       |       |       |    18 ||    18
         Potion            |       |       |       |     5 ||     5
 Armour: Animal skin       |    48 |    63 |   108 |       ||   219
         Skin              |     5 |       |       |       ||     5
         Robe              |       |       |    22 |   309 ||   331
  Dodge: Dodged            |    47 |    42 |    75 |   188 ||   352

Table legend: (Time is in decaauts)
 A = Elapsed time spent in this place.
 B = Non-inter-level travel time spent in this place.
 C = Inter-level travel time spent in this place.
 D = Time resting spent in this place.
 E = Time spent auto-exploring this place.
 F = Levels seen in this place.
 G = Mean time per level.
                   A        B        C        D        E       F      G
               +--------+--------+--------+--------+--------+-----+--------+
         Total |  14000 |  13438 |    562 |   4473 |   6559 |  15 |  933.3 |
       Dungeon |  12476 |  11915 |    561 |   3732 |   6125 |  12 | 1039.7 |
  Orcish Mines |   1323 |   1323 |      0 |    677 |    434 |   2 |  661.5 |
         Abyss |    200 |    200 |      0 |     63 |      0 |   1 |  200.0 |
               +--------+--------+--------+--------+--------+-----+--------+

Top non-repeatable levels by time:
     D:9: 2746 daAuts
     D:7: 1800 daAuts
    D:10: 1149 daAuts
     D:3: 1105 daAuts
     D:8: 1037 daAuts
     D:1: 938 daAuts
    D:11: 854 daAuts
     D:4: 803 daAuts
     D:5: 790 daAuts
   Orc:1: 683 daAuts
     D:2: 665 daAuts
   Orc:2: 639 daAuts
     D:6: 579 daAuts
 Abyss:2: 200 daAuts
    D:12: 7 daAuts
